 Dungeon Crawl Stone Soup version 0.28-a0-750-g7c675f85b1 (webtiles) character file.

Game seed: 875819155820233618

50 ytrimaz the Conjurer (level 3, 21/21 HPs)
             Began as an Octopode Conjurer on Oct 30, 2021.
             Quit the game on level 2 of the Dungeon.
             The game lasted 00:02:08 (2077 turns).

ytrimaz the Conjurer (Octopode Conjurer)            Turns: 2077, Time: 00:02:08

Health: 21/21      AC:  1    Str:  6    XL:     3   Next: 79%
Magic:  6/6        EV: 13    Int: 21    God:
Gold:   101        SH:  0    Dex: 10    Spells: 5/6 levels left

rFire   . . .      SeeInvis .   d - +1 dagger
rCold   . . .      Faith    .   (no shield)
rNeg    . . .      Spirit   .   (helmet restricted)
rPois   .          Reflect  .   (no amulet)
rElec   .          Harm     .   (no ring)
rCorr   .          Rampage  .   (no ring)
Will    .....                   (no ring)
Stlth   +++.......              (no ring)
HPRegen 0.07/turn               (no ring)
MPRegen 0.10/turn               (no ring)
                                (no ring)
                                (no ring)

@: no status effects
A: almost no armour, amphibious, 8 rings, camouflage 1, gelatinous body 1,
(nimble swimmer 1), tentacles
a: no special abilities


You were on level 2 of the Dungeon.
You visited 1 branch of the dungeon, and saw 2 of its levels.

You collected 101 gold pieces.

Inventory:

Hand Weapons
 d - a +1 dagger (weapon)
Potions
 c - a potion of brilliance {unknown}
 e - a potion of curing {unknown}


   Skills:
 - Level 2.0 Dodging
 - Level 2.6 Stealth
 + Level 2.3 Spellcasting
 + Level 5.1 Conjurations


You had 5 spell levels left.
You knew the following spells:

 Your Spells              Type           Power      Damage    Failure   Level
a - Magic Dart            Conj           96%        1d7       1%          1

Your spell library contained the following spells:

 Spells                   Type           Power      Damage    Failure   Level
 Searing Ray              Conj           48%        2d6       2%          2
 Sandblast                Erth           4%         2d4       14%         1
 Dazzling Flash           Conj/Hex       26%        N/A       14%         3
 Stone Arrow              Conj/Erth      26%        3d8       14%         3
 Passwall                 Tmut/Erth      1%         N/A       22%         2
 Fulminant Prism          Conj/Hex       6%         3d7       43%         4
 Iskenderun's Mystic Bla  Conj/Tloc      13%        2d5       43%         4
 Olgreb's Toxic Radiance  Pois           2%         N/A       82%         4
 Ozocubu's Refrigeration  Ice            1%         4d5       100%        7
 Ignition                 Fire           1%         3d3       100%        8


Dungeon Overview and Level Annotations

Branches:
Dungeon (2/15)

Altars:
Xom


Innate Abilities, Weirdness & Mutations

You cannot wear most types of armour.
You are amphibious.
You can wear up to eight rings at the same time.
Your skin changes colour to match your surroundings (Stealth+).
Your rubbery body absorbs attacks. (AC +1, EV +1)
((You are camouflaged near water. (Stealth+)))
You have tentacles for arms and can constrict up to eight enemies at once.


Message History

The rat is moderately wounded.
The rat bites you.
The magic dart hits the rat!
You kill the rat!
You can't see any susceptible monsters within range! (Use Z to cast anyway.)
You can't see any susceptible monsters within range! (Use Z to cast anyway.)
You see here a rat corpse.
e - a fuming grey potion A rat comes into view.
Found the Unrestrained Analects.
A rat is nearby!
A rat is nearby!
Found a stone staircase leading down.
The magic dart hits the rat.
You kill the rat!
You can't see any susceptible monsters within range! (Use Z to cast anyway.)
You pick up the Unrestrained Analects and begin reading...
You add the spells Olgreb's Toxic Radiance, Ozocubu's Refrigeration and Ignition to your library.
You see here 17 sling bullets.
There is a shimmering altar of Xom here.
You curl up in front of the altar of Xom.
Unknown command.
Press < or > to pray at altars.
As you read the scroll labelled JEAV CEOSSAOZY, it crumbles to dust.
It is a scroll of amnesia.
Okay, then.
As you read the scroll labelled TONYTIUPNUXT, it crumbles to dust.
It is a scroll of enchant weapon.
Your +0 dagger glows red for a moment.
You see here a ball python skeleton.
Found a ring mail.
Found 6 curare-tipped darts.
You now have 101 gold pieces (gained 11).
You pick up a book of Geomancy and begin reading...
You add the spells Sandblast, Passwall and Stone Arrow to your library.
Done exploring.
Done exploring.
You aren't carrying any scrolls.
You see here a +0 ring mail.
Are you sure you want to abandon this character and quit the game? (Confirm with "yes".)

#### ...# ...# ##########
...# ###........## ...#
#####.....####..#
...#########...............#
...............########.#..#
#####....(.....#@.....#.#..#
.............#.#.####.#.#.##
.÷...........#.#.#.(#.#.#.#
.#...........#.#.#[.#.#.#.#
............)#.#.#.##.#.#.#
.............#.#.#....#.#.#
.÷.)...........#.######.#.#
...............#........#.#
...............##########.#


There were no monsters in sight!

Vanquished Creatures
  A gnoll (D:1)
  2 worms (D:2)
  A dart slug (D:1)
  An endoplasm (D:2)
  6 goblins
  A hobgoblin (D:2)
  3 quokkas
  5 ball pythons
  4 bats
  2 frilled lizards (D:1)
  A kobold (D:1)
  5 rats
32 creatures vanquished.

Notes
Turn   | Place    | Note
-------+----------+-------------------------------------------
     0 | D:1      | ytrimaz the Octopode Conjurer began the quest for the Orb.
     0 | D:1      | Reached XP level 1. HP: 11/11 MP: 3/3
   282 | D:1      | Reached XP level 2. HP: 17/17 MP: 0/5
   886 | D:1      | Reached XP level 3. HP: 21/21 MP: 4/6
  1446 | D:2      | Reached skill level 5 in Conjurations
  1636 | D:2      | Found a shimmering altar of Xom.
  2077 | D:2      | Quit the game

Illustrated notes

Levels and vault maps discovered:
D:1:      dpeg_arrival_lava_altar, layout_loops_cross
D:2:      layout_rooms, basic_altar, st_stairs_8, kennysheep_small_spiral,
          minivault_5

Skill      XL: |  1  2  3 |
---------------+----------+-----
Conjurations   | 5 |  5.1
Dodging        | |  2.0
Stealth        | |  2.6
Spellcasting   | |  2.3

Action                   || total
-------------------------++-------
Melee: Unarmed           ||     2
       Constrict         ||     2
       Tentacles         ||     1
       Dagger            ||     2
 Cast: Magic Dart        ||    63
  Use: Scroll            ||     4
Dodge: Dodged            ||     2

Table legend: (Time is in decaauts)
 A = Elapsed time spent in this place.
 B = Non-inter-level travel time spent in this place.
 C = Inter-level travel time spent in this place.
 D = Time resting spent in this place.
 E = Time spent auto-exploring this place.
 F = Levels seen in this place.
 G = Mean time per level.
                   A        B        C        D        E       F      G
               +--------+--------+--------+--------+--------+-----+--------+
         Total |   2076 |   2033 |     43 |    285 |   1546 |   2 | 1038.0 |
       Dungeon |   2076 |   2033 |     43 |    285 |   1546 |   2 | 1038.0 |
               +--------+--------+--------+--------+--------+-----+--------+

Top non-repeatable levels by time:
     D:1: 1283 daAuts
     D:2: 792 daAuts
